 Dungeon Crawl Stone Soup version 0.24.0-37-gcf1ca852f1 (webtiles) character file.

Game seed: 14647755546996973484, levelgen mode: deterministic

3298 Kobolds4U the Slicer (level 9, -5/72 HPs)
             Began as a Deep Elf Conjurer on Dec 5, 2019.
             Was a Follower of Ashenzari.
             Killed from afar by Erolcha (23 damage)
             ... with a crystal spear
             ... on level 9 of the Dungeon.
             The game lasted 00:32:29 (12460 turns).

Kobolds4U the Slicer (Deep Elf Conjurer)           Turns: 12460, Time: 00:32:29

Health: -5/72      AC: 24    Str:  6 (8)  XL:     9   Next: 70%
Magic:  7/21       EV:  2    Int: 19 (21) God:    Ashenzari [*.....]
Gold:   222        SH:  0    Dex: 12 (15) Spells: 12/22 levels left

rFire    . . .     SeeInvis .   B - +0 rapier
rCold    . . .     Gourm    .   (no shield)
rNeg     + + +     Faith    .   (armour currently unavailable)
rPois    +         Spirit   .   (helmet currently unavailable)
rElec    .         Reflect  .   (cloak currently unavailable)
rCorr    .         Harm     .   (gloves currently unavailable)
MR       .....     NoTele   +   (boots currently unavailable)
Stlth    ++........             p - amulet of the acrobat
HPRegen  0.22/turn              e - +5 ring of evasion (curse)
MPRegen  0.17/turn              (no ring)

@: tree-form, slowed, very slow
A: no striking features
a: Curse Item, Scrying, Renounce Religion


You were on level 9 of the Dungeon.
You worshipped Ashenzari.
Ashenzari was aware of your devotion.
You were hungry.
You were a tree.
You visited 2 branches of the dungeon, and saw 10 of its levels.

You collected 457 gold pieces.
You spent 235 gold pieces at shops.

Inventory:

Hand Weapons
 o - a +2 dagger of venom
 B - a +0 rapier (weapon)
Missiles
 l - 4 boomerangs (quivered)
Armour
 a - a +0 robe (melded)
 m - a cursed +1 pair of boots (melded)
 H - a cursed +2 helmet (melded)
Jewellery
 e - a cursed +5 ring of evasion (left branch)
 p - an amulet of the acrobat (around neck)
 t - an uncursed ring of ice
Wands
 r - a wand of iceblast (4)
 y - a wand of digging (6)
Scrolls
 b - a scroll of amnesia {unknown}
 i - 8 scrolls of teleportation {unknown}
 j - a scroll of remove curse
 k - 6 scrolls of identify
 n - 2 scrolls of fog {unknown}
 v - a scroll of noise {unknown}
 w - 2 scrolls of fear {unknown}
 A - a scroll of holy word
 C - a scroll of blinking
 D - a scroll of enchant weapon {unknown}
 E - a scroll of vulnerability {unknown}
 F - a scroll of summoning {unknown}
Potions
 d - 5 potions of heal wounds
 f - 2 potions of lignification
 g - 3 potions of curing
 h - 3 potions of degeneration
 q - a potion of cancellation {unknown}
 s - a potion of might {unknown}
 u - a potion of berserk rage {unknown}
 x - a potion of ambrosia {unknown}
 z - a potion of mutation {unknown}
 G - a potion of agility {unknown}
 I - a potion of resistance {unknown}
Comestibles
 c - 23 rations


   Skills:
 - Level 2.0 Fighting
 * Level 10.4 Short Blades
 - Level 5.2 Dodging
 - Level 2.4 Stealth
 - Level 7.0 Spellcasting
 + Level 5.2 Conjurations
 + Level 1.5 Hexes
 - Level 5.1 Translocations


You had 12 spell levels left.
You knew the following spells:

 Your Spells              Type           Power        Failure   Level  Hunger
a - Magic Dart            Conj           ####         1%          1    None
b - Searing Ray           Conj           ####..       1%          2    None
c - Dazzling Spray        Conj/Hex       ###...       8%          3    #......
d - Force Lance           Conj/Tloc      ####....     12%         4    ###....

Your spell library contained the following spells:

 Spells                   Type           Power        Failure   Level  Hunger
 Blink                    Tloc           N/A          1%          2    None
 Slow                     Hex            ##......     8%          2    None
 Conjure Flame            Conj/Fire      ###.....     11%         3    #......
 Iskenderun's Mystic Bla  Conj           ####....     12%         4    ###....
 Mephitic Cloud           Conj/Pois/Air  ##......     14%         3    #......
 Call Imp                 Summ           #.......     16%         2    None
 Fulminant Prism          Conj/Hex       ###.......   24%         4    ###....


Dungeon Overview and Level Annotations

Branches:
Dungeon (9/15)             Temple (1/1) D:7
   Lair: D:8-11         Orc: D:9-12

Altars:
Ashenzari
Cheibriados
Dithmenos
Elyvilon
Fedhas
Hepliaklqana
Kikubaaqudgha
Makhleb
Nemelex Xobeh
Okawaru
Qazlal
Ru
Sif Muna
Trog
Uskayaw
Wu Jian
Yredelemnul
The Shining One
Beogh

Shops:
D:5 %   D:6 *

Annotations:
D:4 3 runed translucent doors, NeAGen181's ghost, amateur DDNe
D:9 Erolcha


Message History

Aim: Erolcha, wielding a +0 giant club, wearing a +2 robe and carrying a wand of polymorph (4) (moderately wounded, fast, blind)
Okay, then.
It was a potion of degeneration.
There was something very wrong with that liquid.
You feel weakened.
You feel dopey.
You feel clumsy.
Erolcha is no longer blind.
Erolcha hits you with a +0 giant club!
* * * LOW HITPOINT WARNING * * *
Erolcha zaps a wand.
A soldier ant comes into view.
Casting: Dazzling Spray (safe; 8% risk of failure)
Confirm with . or Enter, or press ? or * to list all spells.
Aiming: Dazzling Spray (safe; 8% risk of failure)
Press: ? - help, Shift-Dir - straight line, f/p - Erolcha
Aim: Erolcha, wielding a +0 giant club, wearing a +2 robe and carrying a wand of polymorph (3) (moderately wounded, fast)
The spray of energy hits Erolcha.
Erolcha is moderately wounded.
The spray of energy misses the soldier ant.
Erolcha gestures at you while chanting. The crystal spear hits you!!
You die...

.. #. #. #.
######.#####
...........#
a.....†....#
.....aO♣...#
......a....#
#.##########


You could see Erolcha and 3 soldier ants.

Vanquished Creatures
  A hornet (D:8)
  Eustachio (D:6)
  Menkaure (D:4)
  A water moccasin (D:6)
  Duvessa (D:6)
  2 ice beasts (D:5)
  2 phantoms (D:7)
  2 sky beasts (D:8)
  3 ogres
  2 centaurs (D:7)
  A big kobold (D:8)
  Blork the orc (D:6)
  2 bullfrogs (D:6)
  Dowan (D:6)
  2 scorpions
  5 killer bees (D:7)
  A crimson imp (D:6)
  7 hounds
  2 orc priests
  5 orc wizards
  8 iguanas
  5 worker ants
  A hound zombie (D:5)
  A worker ant zombie (D:7)
  13 adders
  A worm (D:2)
  A dart slug (D:1)
  4 leopard geckos
  17 orcs
  3 giant cockroaches
  5 goblins
  12 hobgoblins
  14 kobolds
  3 quokkas
  A ball python (D:2)
  2 bats (D:3)
  3 frilled lizards
  A jackal skeleton (D:4)
  A leopard gecko skeleton (D:7)
  A quokka skeleton (D:5)
  A quokka zombie (D:8)
  9 rats
150 creatures vanquished.

Vanquished Creatures (others)
  An adder (D:3)
1 creature vanquished.

Grand Total: 151 creatures vanquished

Notes
Turn   | Place    | Note
-------+----------+-------------------------------------------
     0 | D:1      | Kobolds4U the Deep Elf Conjurer began the quest for the
                  | Orb.
     0 | D:1      | Reached XP level 1. HP: 10/10 MP: 6/6
     2 | D:1      | Noticed an ogre
     2 | D:1      | Noticed a vine stalker
     4 | D:1      | Noticed a minotaur
     6 | D:1      | Noticed a human
     6 | D:1      | Noticed a halfling
     8 | D:1      | Noticed a demigod
     8 | D:1      | Noticed a spriggan
    10 | D:1      | Noticed a merfolk
    10 | D:1      | Noticed a draconian
    12 | D:1      | Noticed a centaur
    12 | D:1      | Noticed an elf
    14 | D:1      | Noticed a ghoul
    16 | D:1      | Noticed a demonspawn
    18 | D:1      | Noticed a naga
    18 | D:1      | Noticed a troll
    20 | D:1      | Noticed an octopode
    20 | D:1      | Noticed a gargoyle
    22 | D:1      | Noticed a vampire
    24 | D:1      | Noticed a felid
    24 | D:1      | Noticed a formicid
    26 | D:1      | Noticed a dwarf
    26 | D:1      | Noticed a tengu
   161 | D:1      | Reached skill level 1 in Fighting
   576 | D:1      | Reached XP level 2. HP: 16/16 MP: 6/8
  1020 | D:2      | Reached XP level 3. HP: 21/21 MP: 2/9
  1622 | D:2      | Learned a level 2 spell: Searing Ray
  1754 | D:2      | Reached XP level 4. HP: 26/26 MP: 6/11
  2608 | D:2      | Learned a level 3 spell: Dazzling Spray
  2613 | D:2      | Learned a level 4 spell: Force Lance
  2934 | D:3      | Reached XP level 5. HP: 25/30 MP: 13/13
  3019 | D:3      | Reached skill level 1 in Short Blades
  3482 | D:3      | Reached skill level 2 in Short Blades
  4237 | D:4      | Noticed Menkaure
  4244 | D:4      | Killed Menkaure
  4244 | D:4      | Reached skill level 5 in Dodging
  4244 | D:4      | Reached skill level 5 in Spellcasting
  4244 | D:4      | Reached XP level 6. HP: 11/35 MP: 6/15
  4653 | D:4      | Reached skill level 3 in Short Blades
  4861 | D:4      | Noticed NeAGen181's ghost (amateur DDNe)
  4863 | D:4      | Found a runed translucent gate.
  4863 | D:4      | Found a runed translucent gate.
  4863 | D:4      | Found a runed translucent gate.
  4863 | D:4      | Identified the +4 dagger "Yropt" {freeze, +Rage}
  4864 | D:4      | Identified the cursed +1 whip of Noon {holy, rPois MP+9
                  | Str+3}
  4864 | D:4      | Identified the +11 chain mail "Zeit" {+Fly rF+++ Regen+
                  | Int-4}
  4864 | D:4      | Noticed an orc warrior
  4866 | D:4      | Found a roughly hewn altar of Beogh.
  4913 | D:5      | Entered Level 5 of the Dungeon
  5376 | D:5      | Noticed an ice beast
  5392 | D:5      | Killed an ice beast
  5392 | D:5      | Reached skill level 4 in Short Blades
  5392 | D:5      | Reached XP level 7. HP: 17/40 MP: 6/17
  6478 | D:5      | Reached skill level 5 in Short Blades
  6638 | D:5      | Found Fajecea's Food Shop.
  6711 | D:6      | Noticed Eustachio
  6951 | D:6      | Reached skill level 1 in Translocations
  7142 | D:6      | Killed Eustachio
  7142 | D:6      | Reached skill level 6 in Short Blades
  7142 | D:6      | Reached XP level 8. HP: 36/44 MP: 3/20
  7399 | D:6      | Found Guezie's General Store.
  7409 | D:6      | Bought a scroll of identify for 22 gold pieces
  7409 | D:6      | Bought a +0 helmet for 49 gold pieces
  7409 | D:6      | Bought a scroll of holy word for 82 gold pieces
  7409 | D:6      | Bought a scroll of blinking for 82 gold pieces
  7658 | D:6      | Noticed Blork the orc
  7676 | D:6      | Killed Blork the orc
  7676 | D:6      | Reached skill level 7 in Short Blades
  7866 | D:6      | Noticed Duvessa
  7886 | D:6      | Killed Duvessa
  7886 | D:6      | Noticed Dowan
  7926 | D:6      | Killed Dowan
  7926 | D:6      | Reached skill level 5 in Conjurations
  8313 | D:7      | Reached skill level 8 in Short Blades
  8317 | D:7      | Reached XP level 9. HP: 34/48 MP: 5/21
  9523 | D:7      | Found a staircase to the Ecumenical Temple.
  9648 | D:7      | Reached skill level 5 in Translocations
  9661 | Temple   | Entered the Ecumenical Temple
  9852 | Temple   | Became a worshipper of Ashenzari the Shackled
  9992 | D:7      | Reached skill level 9 in Short Blades
 10930 | D:8      | Paralysed by a hornet for 2 turns
 10987 | D:8      | Reached skill level 10 in Short Blades
 11655 | D:8      | Reached * piety under Ashenzari
 11690 | D:8      | Reached skill level 1 in Hexes
 12448 | D:9      | Noticed Erolcha
 12460 | D:9      | Killed from afar by Erolcha

Levels and vault maps discovered:
D:1:      kb_arrival_jail, layout_rooms
D:2:      layout_basic, minmay_tetromino_i4
D:3:      minmay_chambers_of_twos, layout_basic, lemuel_flame_loot_1
D:4:      layout_basic, biasface_ghost_orc_armoury, uniq_menkaure
D:5:      kennysheep_spiral_hall, layout_cave_pods,
          grunt_temple_overflow_order_and_chaos_1, first_ration, serial_shops,
          nicolae_shop_trees
D:6:      layout_basic, serial_shops, shop, uniq_duvessa, uniq_eustachio,
          uniq_blork_the_orc
D:7:      layout_gridville, minmay_temple_entry_large_hall, grunt_ogre_cave,
          minivault_1, grunt_ministairs_4
D:8:      layout_cave_pods, nicolae_ossuary_entry_plus
D:9:      layout_roguey, gammafunk_temple_overflow_statue, basic_altar,
          ebering_ghost_xom, minivault_29, uniq_erolcha, uniq_pikel,
          uniq_joseph, uniq_harold
Temple:   dpeg_five_rooms_temple

Skill      XL: |  1  2  3  4  5  6  7  8  9 |
---------------+----------------------------+-----
Fighting       | 1 2 |  2.0
Dodging        | 3 4 5 |  5.2
Spellcasting   | 4 5 7 |  7.0
Short Blades   | 2 4 6 8 10 | 10.4
Translocations | 1 4 5 |  5.1
Conjurations   | 5 |  5.2
Hexes          | 1 |  1.5
Stealth        | |  2.4

Action                   |  1- 3 |  4- 6 |  7- 9 || total
-------------------------+-------+-------+-------++-------
Melee: Short sword       |    25 |    41 |    18 ||    84
       Rapier            |       |       |   131 ||   131
       Dagger            |       |       |     4 ||     4
 Cast: Magic Dart        |    49 |    67 |   188 ||   304
       Searing Ray       |     2 |    18 |    23 ||    43
       Dazzling Spray    |       |     6 |    37 ||    43
       Force Lance       |       |       |     4 ||     4
Invok: Curse Item        |       |       |     3 ||     3
  Use: Potion            |       |       |     7 ||     7
       Scroll            |       |       |     2 ||     2
 Stab: Sleeping          |     3 |     1 |     4 ||     8
       Invisible         |       |     1 |     5 ||     6
  Eat: Chunk             |     2 |     8 |    19 ||    29
       Ration            |       |     1 |     1 ||     2
Armor: Robe              |     1 |    12 |    27 ||    40
       Skin              |       |       |    31 ||    31
Dodge: Dodged            |    22 |    79 |   201 ||   302
